 Dungeon Crawl Stone Soup version 0.28-b1-25-g9875b3fc8c (webtiles) character file.

Game seed: 11416810874695424844

784 sanka the Chopper (level 7, 0/55 HPs)
             Began as a Palentonga Artificer on Feb 5, 2022.
             Was a Follower of Okawaru.
             Slain by a yak (10 damage)
             ... on level 4 of the Dungeon.
             The game lasted 00:11:47 (7154 turns).

sanka the Chopper (Palentonga Artificer)            Turns: 7154, Time: 00:11:48

Health: 0/55       AC: 13    Str: 18    XL:     7   Next: 55%
Magic:  7/7        EV:  9    Int: 11    God:    Okawaru [*.....]
Gold:   274        SH:  0    Dex: 10    Spells: 6/6 levels left

rFire   . . .      SeeInvis +   h - +0 war axe
rCold   . . .      Faith    .   (no shield)
rNeg    . . .      Spirit   .   b - +0 leather armour
rPois   .          Reflect  .   (no helmet)
rElec   .          Harm     .   f - +0 cloak
rCorr   .          Rampage  .   t - +0 pair of gloves
Will    +....                   (no barding)
Stlth   +.........              (no amulet)
HPRegen 0.18/turn               l - ring of willpower
MPRegen 0.10/turn               (no ring)

@: curled up
A: large, rugged brown scales 3, see invisible, deformed body, roll 1, armoured
tail, reflexive curl
a: Rolling Charge, Renounce Religion, Heroism


You were on level 4 of the Dungeon.
You worshipped Okawaru.
Okawaru was aware of your devotion.
You visited 2 branches of the dungeon, and saw 6 of its levels.

You collected 274 gold pieces.

Inventory:

Hand Weapons
 a - a +0 club
 g - a +0 spear
 h - a +0 war axe (weapon)
 j - a +1 dagger of venom
Missiles
 s - 5 curare-tipped darts (quivered)
Armour
 b - a +0 leather armour (worn)
 f - a +0 cloak (worn)
 n - a +0 ring mail
 t - a +0 pair of gloves (worn)
Magical Staves
 m - a staff of earth
Jewellery
 l - a ring of willpower (left hand)
 w - a +6 ring of dexterity
Wands
 c - a wand of flame (11)
 d - a wand of charming (11)
 p - a wand of digging (4)
Scrolls
 i - 2 scrolls of identify
 q - a scroll of brand weapon
 r - a scroll of teleportation
Potions
 k - a potion of might {unknown}
 o - a potion of attraction {unknown}
 u - a potion of heal wounds
 v - a potion of lignification {unknown}
Miscellaneous
 e - a piece from Xom's chessboard (15/15)


   Skills:
 - Level 3.0 Fighting
 - Level 7.7 Axes
 - Level 1.5 Armour
 - Level 0.7 Dodging
 - Level 0.5 Stealth
 + Level 0.0 Invocations
 - Level 3.0 Evocations


You had 6 spell levels left.
You didn't know any spells.
Your spell library contained the following spells:

 Spells                   Type           Power      Damage    Failure   Level
 Sublimation of Blood     Necr           0%         N/A       54%         2
 Wereblood                Tmut           0%         N/A       54%         2
 Spider Form              Tmut/Pois      0%         N/A       77%         3
 Swiftness                Air            0%         N/A       77%         3
 Ice Form                 Ice/Tmut       0%         N/A       99%         4
 Maxwell's Capacitive Co  Air            0%         ∞         100%        8
 Summon Small Mammal      Summ           Unusable   N/A       N/A         1
 Call Canine Familiar     Summ           Unusable   N/A       N/A         3
 Summon Guardian Golem    Hex/Summ       Unusable   N/A       N/A         3
 Summon Hydra             Summ           Unusable   N/A       N/A         7

Dungeon Overview and Level Annotations

Branches:
Dungeon (5/15)             Temple (1/1) D:4

Altars:
Ashenzari
Cheibriados
Dithmenos
Elyvilon
Fedhas
Gozag
Hepliaklqana
Kikubaaqudgha
Makhleb
Nemelex Xobeh
Okawaru
Qazlal
Ru
Sif Muna
Trog
Uskayaw
Vehumet
Wu Jian
Xom
Yredelemnul
Zin
The Shining One

Annotations:
D:5 2 runed translucent doors, Crazy Yiuf; IvanJoukov's ghost, novice DEFE


Innate Abilities, Weirdness & Mutations

You are completely covered in rugged brown scales. (AC +3, +7% HP)
You have supernaturally acute eyesight. (SInv)
Armour fits poorly on your strangely shaped body.
You can roll at nearby foes to attack.
You have a long armoured tail.
You curl defensively after being hit. (AC +7*)


Message History

Press: ? - help, Q - select action, (/) - cycle Shift-Dir - straight line, f - yak
Aim: a yak (68% to hit)
You throw a curare-tipped dart. The curare-tipped dart hits the yak.
The yak is poisoned.
The yak convulses.
The yak seems to slow down.
The yak is lightly wounded.
Unknown command.
You barely miss the yak.
The yak is lightly wounded.
The yak barely misses you.
You completely miss the yak.
Your tail-slap misses the yak.
The yak is lightly wounded.
The yak gores you!
You barely miss the yak.
The yak is moderately wounded.
The yak gores you!
You barely miss the yak. Your punch misses the yak.
The yak is moderately wounded.
The yak closely misses you.
You closely miss the yak.
The yak is moderately wounded.
You hit the yak.
The yak is moderately wounded.
The yak gores you!
You slash the yak!
The yak is severely wounded.
The yak gores you!
* * * LOW HITPOINT WARNING * * *
You hit the yak but do no damage.
The yak is severely wounded.
The yak barely misses you.
You barely miss the yak. You tail-slap the yak.
The yak is almost dead.
The yak gores you but does no damage.
You barely miss the yak. You tail-slap the yak.
The yak is almost dead.
You hit the yak but do no damage.
The yak is almost dead.
The yak gores you!
You die...

######...### ##..........#####
########## ##.###...........#
#........# ...# #.......###.#
#.######.# #..###.#....## #.# #.#
#.### ......##....####.#
#.######.#.. #...#####........#
#.##........ ##.## ###.###.Y#
#.##.###.#.# #.# #.###.@#
#........#.. #.# #.....†#
####.####### ##'## #####.## #.#
#...## #.# ###.####### .....##
####.# #.........# ......##
##.##.# #.#..####.#
.......####...#.#######.#....##..
.......'...................#.....
.......###....#..######......##..


You could see a yak (poisoned, slow).

Vanquished Creatures
  A yak (D:4)
  An ogre (D:5)
  2 phantoms
  2 scorpions
  A hound (D:5)
  A centaur skeleton (D:4)
  2 iguanas
  4 gnolls
  3 adders
  A white imp (D:5)
  An adder skeleton (D:4)
  4 dart slugs
  An orc (D:3)
  5 ball pythons
  7 endoplasms
  4 giant cockroaches
  5 goblins
  6 hobgoblins
  4 jackals (D:1)
  7 kobolds
  4 quokkas
  6 bats (D:1)
  3 frilled lizards
  5 rats
80 creatures vanquished.

Vanquished Creatures (collateral kills)
  A gnoll (D:4)
1 creature vanquished.

Vanquished Creatures (others)
  An ogre (D:4)
1 creature vanquished.

Grand Total: 82 creatures vanquished

Notes
Turn   | Place    | Note
-------+----------+-------------------------------------------
     0 | D:1      | sanka the Palentonga Artificer began the quest for the Orb.
     0 | D:1      | Reached XP level 1. HP: 16/16 MP: 1/1
    96 | D:1      | Reached XP level 2. HP: 4/22 MP: 2/2
  1100 | D:1      | Reached XP level 3. HP: 28/29 MP: 3/3
  1861 | D:2      | Reached skill level 1 in Axes
  2211 | D:2      | Got Sif Muna's Catalogue of Cloudy Moulding
  2617 | D:3      | Reached XP level 4. HP: 33/37 MP: 4/4
  2722 | D:3      | Reached skill level 2 in Axes
  2959 | D:3      | Found a faded altar of an unknown god.
  3160 | D:4      | Noticed a phantom
  3185 | D:3      | Killed a phantom
  3186 | D:3      | Reached skill level 3 in Axes
  3186 | D:3      | Reached XP level 5. HP: 10/43 MP: 5/5
  3470 | D:4      | Reached skill level 4 in Axes
  3642 | D:4      | Noticed a black bear
  3702 | D:3      | HP: 2/43 [black bear (7)]
  4046 | D:4      | Noticed an ogre
  4580 | D:4      | Reached skill level 5 in Axes
  4580 | D:4      | Reached XP level 6. HP: 47/50 MP: 6/6
  4762 | D:4      | Found a staircase to the Ecumenical Temple.
  4768 | Temple   | Entered the Ecumenical Temple
  5025 | Temple   | Became a worshipper of Warmaster Okawaru
  5122 | D:4      | Found a sacrificial altar of Ru.
  5804 | D:5      | Entered Level 5 of the Dungeon
  6119 | D:4      | Reached skill level 6 in Axes
  6585 | D:5      | Gained mutation: You curl defensively after being hit. (AC
                  | +7*) [Palentonga growth]
  6585 | D:5      | Reached XP level 7. HP: 55/55 MP: 7/7
  6626 | D:5      | Reached skill level 7 in Axes
  6833 | D:5      | Found a runed translucent door.
  6834 | D:5      | Noticed IvanJoukov's ghost (novice DEFE)
  6853 | D:5      | Found a runed translucent door.
  6854 | D:5      | Noticed Crazy Yiuf
  7015 | D:5      | Noticed a yak
  7018 | D:5      | Noticed a yak
  7018 | D:5      | Noticed a yak
  7048 | D:4      | Killed a yak
  7048 | D:4      | Reached * piety under Okawaru
  7154 | D:4      | Slain by a yak

Illustrated notes

Levels and vault maps discovered:
D:1:      saegor_arrival_under_anarchy, layout_loops_ring, minmay_quantized
D:2:      layout_loops_ring, hex_medium
D:3:      layout_basic, shapermc_ecumenical_altar_notcrosses
D:4:      layout_loops_corners, overflow_temple_1_default,
          minmay_temple_entry_nine_rooms
D:5:      layout_rooms, ebering_ghost_sewer_d, st_stairs_14,
          uniq_crazy_yiuf_cottage
Temple:   mainiacjoe_temple_hex_bubbles

Skill      XL: |  1  2  3  4  5  6  7 |
---------------+----------------------+-----
Evocations     | 3 |  3.0
Fighting       | 2 3 |  3.0
Axes           | 1 3 5 6 7 |  7.7
Armour         | |  1.5
Dodging        | |  0.7
Stealth        | |  0.5

Action                   |  1- 3 |  4- 6 |  7- 9 || total
-------------------------+-------+-------+-------++-------
Melee: Club              |    71 |       |       ||    71
       Tailslap          |    20 |    16 |     4 ||    40
       War axe           |    73 |   153 |    26 ||   252
       Punch             |       |     2 |       ||     2
Throw: Dart              |       |     1 |     3 ||     4
 Abil: Rolling Charge    |       |     2 |     1 ||     3
Evoke: Wand              |     1 |     7 |       ||     8
       Piece from Xom's  |       |     1 |       ||     1
  Use: Potion            |     1 |     1 |       ||     2
       Scroll            |       |     2 |       ||     2
 Stab: Sleeping          |     2 |       |       ||     2
Armor: Leather armour    |    88 |    72 |     6 ||   166
Dodge: Dodged            |    81 |    83 |    10 ||   174
